 Dungeon Crawl Stone Soup version 0.21-a0-538-gd16b88a (webtiles) character file.

6860 Doomer the Cleaver (level 10, -2/91 HPs)
             Began as a Minotaur Monk on Dec 16, 2017.
             Was an Elder of the Shining One.
             Slain by mortelune's ghost (9 damage)
             ... on level 1 of the Orcish Mines.
             The game lasted 00:29:38 (8518 turns).

Doomer the Cleaver (Minotaur Monk)                  Turns: 8518, Time: 00:29:38

Health: -2/91      AC: 14    Str: 20    XL:     10   Next: 78%
Magic:  9/9        EV: 13    Int:  7    God:    the Shining One [****..]
Gold:   545        SH:  6    Dex: 12    Spells: 9/9 levels left

rFire    . . .     SeeInvis .   r - +2 hand axe (freeze)
rCold    . . .     Gourm    .   (no shield)
rNeg     + + .     Faith    .   n - +1 scale mail {MR+}
rPois    .         Spirit   .   (helmet restricted)
rElec    .         Reflect  .   (no cloak)
rCorr    .         Harm     .   E - +1 pair of gloves
MR       +....                  x - +2 pair of boots
Stlth    ..........             H - amulet of rage
HPRegen  0.25/turn              (no ring)
MPRegen  0.11/turn              (no ring)

@: divine shield, berserk cooldown, fainting, slowed, glowing, very slow
A: retaliatory headbutt, horns 2
a: Divine Shield, Cleansing Flame, Renounce Religion, Evoke Berserk Rage


You were on level 1 of the Orcish Mines.
You worshipped the Shining One.
The Shining One was greatly pleased with you.
You were fainting.

You visited 3 branches of the dungeon, and saw 11 of its levels.

You collected 545 gold pieces.

Inventory:

Hand Weapons
 r - a +2 hand axe of freezing (weapon)
 u - a +1 hand axe of electrocution
Missiles
 a - 11 silver tomahawks
 t - a javelin (quivered)
 K - 4 tomahawks of returning
 P - 7 tomahawks
Armour
 n - a +1 scale mail of magic resistance (worn)
 x - a +2 pair of boots (worn)
 E - a +1 pair of gloves (worn)
 G - a +0 plate armour
 Q - a +0 troll leather armour
Jewellery
 H - an amulet of rage (around neck)
 O - an uncursed ring of poison resistance {unknown}
Wands
 B - a wand of polymorph (23)
 F - a wand of iceblast (6)
 I - a wand of acid (16)
 M - a wand of paralysis (19)
 N - a wand of disintegration (11)
Scrolls
 b - 2 scrolls of fog {unknown}
 d - 7 scrolls of teleportation
 e - a scroll of identify
 f - 9 scrolls of remove curse
 i - a scroll of magic mapping {unknown}
 k - 4 scrolls of noise
 m - 3 scrolls of enchant weapon
 q - a scroll of amnesia
 w - a scroll of blinking {unknown}
 y - a scroll of enchant armour
Potions
 h - 4 potions of haste
 j - 3 potions of heal wounds
 o - 2 potions of brilliance
 p - 4 potions of curing
 s - a potion of lignification
 v - a potion of invisibility
 z - 4 potions of agility
 C - a potion of magic
 D - 2 potions of flight
 J - a potion of cancellation
 L - a potion of might
Comestibles
 c - 5 bread rations
 g - 4 royal jellies
 l - 2 meat rations
 A - 2 fruits


   Skills:
 * Level 9.1 Fighting
 * Level 12.3 Axes
 + Level 2.0 Throwing
 * Level 8.2 Armour
 * Level 7.1 Dodging
 + Level 2.1 Stealth
 * Level 6.2 Unarmed Combat
 + Level 0.3 Invocations
 + Level 0.2 Evocations


You had 9 spell levels left.
You didn't know any spells.

Dungeon Overview and Level Annotations

Branches:
Dungeon (9/15)             Temple (1/1) D:4             Orc (1/2) D:9
   Lair: D:8-11

Altars:
Ashenzari
Cheibriados
Dithmenos
Elyvilon
Fedhas
Gozag
Hepliaklqana
Kikubaaqudgha
Makhleb
Nemelex Xobeh
Okawaru
Qazlal
Ru
Sif Muna
Trog
Uskayaw
Vehumet
Wu Jian
Xom
Yredelemnul
Zin
The Shining One
Beogh

Shops:
D:5 *

Annotations:
Orc:1 mortelune's ghost, journeyman DsGl


Innate Abilities, Weirdness & Mutations

You reflexively headbutt those who attack you in melee.
You have a pair of horns on your head.


Message History

Mortelune's ghost misses you. You block mortelune's ghost's attack.
You hit mortelune's ghost but do no damage.
Your headbutt misses mortelune's ghost. Mortelune's ghost closely misses you.
You hit mortelune's ghost but do no damage.
Mortelune's ghost says, "Try not to bleed too much."
Mortelune's ghost closely misses you.
You hit mortelune's ghost but do no damage.
Mortelune's ghost hits you.
* * * LOW HITPOINT WARNING * * *
x2 You feel much better.
Mortelune's ghost hits you but does no damage.
You are fainting from starvation!
You hit mortelune's ghost but do no damage.
Mortelune's ghost misses you.
You hit mortelune's ghost but do no damage.
Your headbutt misses mortelune's ghost. Mortelune's ghost hits you!
You hit mortelune's ghost but do no damage.
Your punch misses mortelune's ghost. Mortelune's ghost hits you!!
* * * LOW HITPOINT WARNING * * *
You die...

... ..
##.#######
#........##
#.........#
##...._....#
#..........#
##...))@...###.
#.....)W.......
##...()#.$.....
#.....###......
#...((# ......
#...... ..$.#.
##..... ..##
####.. .##


You could see mortelune's ghost.

Vanquished Creatures
  A two-headed ogre (D:9)
  An orc knight (Orc:1)
  An ugly thing (D:9)
  A kobold demonologist (D:9)
  A troll (D:9)
  Sigmund (D:5)
  The ghost of Feta the Changer, an amateur MfTm of Makhleb (D:4)
  Menkaure (D:5)
  2 water moccasins (D:7)
  8 orc warriors
  2 sky beasts (D:5)
  An ice beast (D:8)
  A necrophage (D:7)
  2 black bears
  9 ogres
  A centaur (D:9)
  8 big kobolds (D:9)
  A scorpion (D:8)
  4 wights (D:9)
  A howler monkey (D:9)
  3 crimson imps
  A bullfrog zombie (D:9)
  A centaur zombie (D:7)
  A quasit (D:8)
  A bullfrog skeleton (D:8)
  3 hounds
  2 jellies (D:7)
  6 orc priests
  Crazy Yiuf (D:3)
  A gnoll shaman (D:5)
  5 orc wizards
  An iguana (D:7)
  Natasha (thrice) (D:3)
  2 worker ants
  A hound zombie (D:6)
  2 hound skeletons
  2 worker ant zombies
  18 gnolls
  7 adders
  A shadow imp (D:6)
  2 adder zombies
  An adder skeleton (D:8)
  2 worms (D:2)
  7 leopard geckos
  45 orcs
  4 giant cockroaches
  17 goblins
  12 hobgoblins
  10 jackals
  2 ball pythons (D:3)
  5 bats
  7 frilled lizards
  13 kobolds
  A leopard gecko skeleton (D:7)
  5 rats
243 creatures vanquished.

Notes
Turn   | Place    | Note
-------+----------+-------------------------------------------
     0 | D:1      | Doomer the Minotaur Monk began the quest for the Orb.
     0 | D:1      | Reached XP level 1. HP: 19/19 MP: 0/0
   204 | D:1      | Reached XP level 2. HP: 23/27 MP: 1/1
   298 | D:1      | Reached skill level 4 in Axes
   688 | D:2      | Reached XP level 3. HP: 14/33 MP: 2/2
  1575 | D:2      | Reached skill level 1 in Armour
  1584 | D:2      | Reached XP level 4. HP: 40/40 MP: 3/3
  1688 | D:2      | Reached skill level 1 in Unarmed Combat
  2102 | D:3      | Noticed Natasha
  2105 | D:3      | Reached XP level 5. HP: 47/47 MP: 4/4
  2112 | D:3      | Killed Natasha
  2134 | D:3      | Reached skill level 5 in Axes
  2387 | D:3      | Found a runed door.
  2391 | D:3      | Noticed Crazy Yiuf
  2401 | D:3      | Killed Crazy Yiuf
  2401 | D:3      | Reached skill level 5 in Fighting
  2439 | D:3      | Noticed Natasha
  2443 | D:3      | Killed Natasha
  2448 | D:3      | Noticed Natasha
  2454 | D:3      | Killed Natasha
  2454 | D:3      | Reached XP level 6. HP: 30/56 MP: 5/5
  2655 | D:4      | Found a white marble altar of Elyvilon.
  2861 | D:4      | Noticed Feta's ghost (amateur MfTm)
  2879 | D:4      | Killed Feta's ghost
  2922 | D:4      | Found a staircase to the Ecumenical Temple.
  3350 | Temple   | Entered the Ecumenical Temple
  3597 | Temple   | Became a worshipper of the Shining One
  3597 | Temple   | Reached * piety under the Shining One
  3597 | Temple   | Reached ** piety under the Shining One
  3627 | D:5      | Entered Level 5 of the Dungeon
  3660 | D:5      | Noticed a sky beast
  3672 | D:5      | Killed a sky beast
  3672 | D:5      | Reached skill level 6 in Axes
  3672 | D:5      | Reached XP level 7. HP: 27/61 MP: 6/6
  4001 | D:5      | Noticed Sigmund
  4019 | D:5      | Killed Sigmund
  4241 | D:5      | Reached skill level 7 in Axes
  4583 | D:5      | Noticed Menkaure
  4585 | D:5      | Found Kept's General Store.
  4589 | D:5      | Killed Menkaure
  4802 | D:5      | Reached XP level 8. HP: 32/70 MP: 7/7
  5314 | D:6      | Reached skill level 8 in Axes
  5314 | D:6      | Reached skill level 5 in Armour
  5825 | D:7      | Reached skill level 5 in Dodging
  5860 | D:7      | HP: 3/71 [poisoned by a water moccasin]
  5867 | D:7      | HP: 3/71 [poisoned by a water moccasin]
  5875 | D:7      | HP: 2/71 [poisoned by a water moccasin]
  6219 | D:7      | Reached *** piety under the Shining One
  6456 | D:7      | Reached skill level 9 in Axes
  6456 | D:7      | Reached XP level 9. HP: 60/79 MP: 8/8
  7183 | D:8      | Reached skill level 5 in Unarmed Combat
  7287 | D:8      | Reached skill level 10 in Axes
  7616 | D:9      | Reached **** piety under the Shining One
  7624 | D:9      | Noticed a green ugly thing
  7648 | D:9      | Killed a green ugly thing
  7648 | D:9      | Reached XP level 10. HP: 50/88 MP: 2/9
  7654 | D:9      | Reached skill level 11 in Axes
  7843 | D:9      | Reached skill level 1 in Throwing
  7853 | D:9      | Noticed a two-headed ogre
  7866 | D:9      | Killed a two-headed ogre
  8087 | D:9      | Noticed a soul eater
  8109 | D:9      | Reached skill level 12 in Axes
  8208 | D:9      | Found a staircase to the Orcish Mines.
  8476 | Orc:1    | Entered Level 1 of the Orcish Mines
  8476 | Orc:1    | Found a roughly hewn altar of Beogh.
  8476 | Orc:1    | Noticed an orc knight
  8494 | Orc:1    | Killed an orc knight
  8503 | Orc:1    | Noticed mortelune's ghost (journeyman DsGl)
  8518 | Orc:1    | Slain by mortelune's ghost

Vault maps used:
D:1:      minmay_arrival_nine_rooms
D:2:      cheibrodos_greedy_goblins, minmay_hexomino_c4
D:3:      uniq_natasha, uniq_crazy_yiuf_cottage
D:4:      lemuel_crystal_altar, temple_green, first_bread
D:5:      cheibrodos_iron_armory, serial_shops, shop_statue, uniq_sigmund,
          uniq_menkaure
D:6:      serial_bayou_lagoon_a
D:7:      serial_glass, glass_columns_a, glass_columns_a
D:8:      special_room
D:9:      orc_0_dummy, special_room
Temple:   compressed_dpeg_triangle_lava_temple
Orc:1:    basic_altar

Skill      XL: |  1  2  3  4  5  6  7  8  9 10 |
---------------+-------------------------------+-----
Axes           | 4 5 6 7 9 10 12 | 12.3
Fighting       | 4 5 6 7 8 9 |  9.1
Armour         | 1 2 3 4 6 7 8 |  8.2
Unarmed Combat | 2 3 4 5 6 |  6.2
Dodging        | 4 5 6 7 |  7.1
Stealth        | 2 |  2.1
Throwing       | 2 |  2.0
Invocations    | |  0.3
Evocations     | |  0.2

Action                   |  1- 3 |  4- 6 |  7- 9 | 10-12 || total
-------------------------+-------+-------+-------+-------++-------
Melee: Hand axe          |    96 |   148 |   297 |   120 ||   661
       Headbutt          |    15 |    28 |    37 |    22 ||   102
       Punch             |       |     1 |     6 |     3 ||    10
Throw: Javelin           |       |       |     4 |    17 ||    21
       Tomahawk          |       |       |       |    13 ||    13
       Throwing net      |       |       |       |     2 ||     2
Invok: Divine Shield     |       |       |     2 |     1 ||     3
 Abil: Evoke Berserk Rag |       |       |       |     1 ||     1
Evoke: Wand              |       |       |     1 |       ||     1
  Use: Scroll            |       |     8 |     9 |     2 ||    19
       Potion            |       |       |       |     1 ||     1
 Stab: Sleeping          |     2 |       |       |       ||     2
  Eat: Chunk             |     2 |     5 |     1 |     2 ||    10
       Bread ration      |       |     1 |     2 |       ||     3
Armor: Robe              |     6 |       |       |       ||     6
       Leather armour    |     7 |       |       |       ||     7
       Scale mail        |    12 |    53 |    43 |    19 ||   127
       Plate armour      |       |       |    79 |    18 ||    97
Dodge: Dodged            |    46 |    84 |   117 |    50 ||   297
Block: Other             |       |       |     1 |     5 ||     6

Table legend:
 A = Spawn XP
 B = Non-spawn XP
 C = Spawn XP percentage of total XP
 D = Spawn monster count
 E = Non-spawn monster count
 F = Spawn count percentage of total count
 G = Total turns spent on level
                    A         B        C        D         E        F      G
               +---------+---------+-------+---------+---------+-------+---------
         Total |       0 |    9800 |   0.0 |       0 |     243 |   0.0 |  8518
               +---------+---------+-------+---------+---------+-------+---------
           D:1 |       0 |      24 |   0.0 |       0 |      15 |   0.0 |   679
           D:2 |       0 |     132 |   0.0 |       0 |      38 |   0.0 |  1306
           D:3 |       0 |     253 |   0.0 |       0 |      26 |   0.0 |   665
           D:4 |       0 |     229 |   0.0 |       0 |      10 |   0.0 |   719
           D:5 |       0 |     870 |   0.0 |       0 |      22 |   0.0 |  1552
           D:6 |       0 |     341 |   0.0 |       0 |       9 |   0.0 |   638
           D:7 |       0 |    1624 |   0.0 |       0 |      32 |   0.0 |  1193
           D:8 |       0 |    1421 |   0.0 |       0 |      40 |   0.0 |   580
           D:9 |       0 |    3805 |   0.0 |       0 |      40 |   0.0 |   886
         Orc:1 |       0 |    1101 |   0.0 |       0 |      11 |   0.0 |    42
               +---------+---------+-------+---------+---------+-------+---------
